 Dungeon Crawl Stone Soup version 0.27.0-1-g7a089689b8 (webtiles) character file.

Game seed: 12551959422316484987

344 stebl the Insei (level 6, 0/43 HPs)
             Began as an Octopode Transmuter on Aug 9, 2021.
             Slain by Pikel (15 damage)
             ... on level 3 of the Dungeon on Aug 10, 2021.
             The game lasted 00:25:18 (4315 turns).

stebl the Insei (Octopode Transmuter)               Turns: 4315, Time: 00:25:18

Health: 0/43       AC:  2    Str: 10    XL:     6   Next: 58%
Magic:  0/9        EV: 20    Int: 16    God:
Gold:   165        SH:  0    Dex: 18    Spells: 2/9 levels left

rFire    + . .     SeeInvis +     - Unarmed
rCold    . . .     Faith    .   (shield currently unavailable)
rNeg     . . .     Spirit   +   (helmet currently unavailable)
rPois    x         Reflect  .   n - amulet of guardian spirit
rElec    .         Harm     .   a - ring of protection from fire
rCorr    .         Rampage  .   h - ring of see invisible
Will     .....                  (no ring)
Stlth    ++........             (no ring)
HPRegen  0.14/turn              (no ring)
MPRegen  0.11/turn              (no ring)
                                (no ring)
                                (no ring)

@: spider-form
A: venomous fangs, almost no armour, (amphibious), 8 rings, tiny, (camouflage
1), (gelatinous body 1), (nimble swimmer 1), (tentacles)
a: End Transformation


You were on level 3 of the Dungeon.
You were a venomous arachnid creature.
You visited 1 branch of the dungeon, and saw 4 of its levels.

You collected 165 gold pieces.

Inventory:

Missiles
 e - 104 stones (quivered)
 l - a throwing net
Jewellery
 a - a ring of protection from fire (left front leg)
 h - a ring of see invisible (right front leg)
 n - an amulet of guardian spirit (around neck)
Potions
 b - a potion of resistance {unknown}
 c - a potion of curing {unknown}
 d - a potion of berserk rage {unknown}
 f - a potion of heal wounds {unknown}
 g - a potion of invisibility {unknown}
 i - a potion of haste {unknown}
 j - 2 potions of brilliance {unknown}
 k - 2 potions of ambrosia {unknown}


   Skills:
 + Level 3.7 Fighting
 + Level 3.2 Dodging
 + Level 4.8 Unarmed Combat
 - Level 2.0 Spellcasting
 - Level 3.0 Transmutations
 - Level 1.0 Poison Magic


You had 2 spell levels left.
You knew the following spells:

 Your Spells              Type           Power      Damage    Failure   Level
a - Beastly Appendage     Tmut           22%        N/A       17%         1
b - Wereblood             Tmut           11%        N/A       22%         2
c - Spider Form           Tmut/Pois      4%         N/A       47%         3
e - Animate Skeleton      Necr           2%         N/A       41%         1

Your spell library contained the following spells:

 Spells                   Type           Power      Damage    Failure   Level
 Pain                     Necr           4%         1d4       41%         1
 Sublimation of Blood     Necr           0%         N/A       52%         2
 Vampiric Draining        Necr           0%         2d6       73%         3
 Ice Form                 Ice/Tmut       6%         N/A       88%         4
 Petrify                  Tmut/Erth      6%         N/A       88%         4
 Irradiate                Conj/Tmut      3%         3d15      99%         5


Dungeon Overview and Level Annotations

Branches:
Dungeon (4/15)
 Temple: D:4-7

Altars:
Nemelex Xobeh
The Shining One

Annotations:
D:3 Pikel, Sigmund


Innate Abilities, Weirdness & Mutations

You are a venomous arachnid creature.
You have poisonous fangs.
You are tiny and dextrous.
Your spellcasting is less reliable in this form.
Your armour is entirely melded.
You are incapable of wielding weapons or throwing items.
You cannot wear most types of armour.
((You are amphibious.))
You can wear up to eight rings at the same time.
((Your skin changes colour to match your surroundings (Stealth+).))
((Your rubbery body absorbs attacks. (AC +1, EV +1)))
((You are camouflaged near water. (Stealth+)))
((You have tentacles for arms and can constrict up to eight enemies at once.))


Message History

Confirm with . or Enter, or press ? or * to list all spells.
The spell is quite dangerous to cast (26% risk of failure)!
Continue anyway?
You turn into a venomous arachnid creature.
You climb downwards.
Level annotation: Pikel A necrophage comes into view.
Pikel shouts!
The necrophage misses you. The necrophage hits you. Pikel closely misses you.
There is a stone staircase leading up here.
The necrophage hits you.
Pikel hits you with a +1 whip of electrocution!
You climb upwards.
Level annotation: Sigmund
There is a stone staircase leading down here.
Pikel misses you.
You hit Pikel but do no damage. The necrophage misses you.
You hit Pikel.
Pikel is poisoned.
Pikel is lightly wounded.
Your transformation is almost over.
Pikel hits you with a +1 whip of electrocution!
The necrophage misses you.
Pikel cracks his whip.
Pikel barely misses you.
You see here a +0 mace.
You barely miss Pikel.
Pikel is moderately wounded.
Pikel hits you with a +1 whip of electrocution!
The necrophage misses you.
Your transformation has ended.
Pikel says, "You'll feel the lick of my whip!"
Casting: Spider Form (quite dangerous; 26% risk of failure)
Confirm with . or Enter, or press ? or * to list all spells.
The spell is quite dangerous to cast (26% risk of failure)!
Continue anyway?
You turn into a venomous arachnid creature.
Pikel closely misses you.
You hit Pikel.
Pikel looks even sicker.
Pikel is heavily wounded.
Pikel hits you with a +1 whip of electrocution.
You are electrocuted!
You die...

#..........
#).........
#####..........
#.............#
#####..........##..
#...#..........###.
#n#..n..#.#....# #
#K###..##.#....# #
##s##..#.##......##
#.#####. #####...
##.# .# # #.###.#
##.#.# #...# ##'##
#...# ## #...# ###.


You could see Pikel (very poisoned) and a necrophage.

Vanquished Creatures
  Duvessa (D:4)
  2 lemures (D:3)
  A phantom (D:3)
  A hound skeleton (D:4)
  5 adders
  An ufetubus (D:4)
  2 worms
  A dart slug (D:2)
  An orc (D:4)
  6 endoplasms
  9 giant cockroaches
  3 goblins
  9 hobgoblins
  16 jackals
  4 quokkas
  6 ball pythons
  7 bats
  3 frilled lizards
  4 kobolds
  10 rats
92 creatures vanquished.

Vanquished Creatures (collateral kills)
  A ball python (D:3)
  An endoplasm (D:1)
  A kobold (D:4)
  A frilled lizard (D:2)
4 creatures vanquished.

Grand Total: 96 creatures vanquished

Notes
Turn   | Place    | Note
-------+----------+-------------------------------------------
     0 | D:1      | stebl the Octopode Transmuter began the quest for the Orb.
     0 | D:1      | Reached XP level 1. HP: 13/13 MP: 3/3
     1 | D:1      | Found a runed translucent door.
   462 | D:1      | Reached XP level 2. HP: 14/18 MP: 3/5
   465 | D:1      | Learned a level 2 spell: Wereblood
   467 | D:1      | Learned a level 1 spell: Animate Skeleton
  1470 | D:2      | Reached XP level 3. HP: 23/24 MP: 4/6
  2203 | D:2      | Found a faded altar of an unknown god.
  2292 | D:2      | Reached XP level 4. HP: 30/30 MP: 5/7
  2295 | D:2      | Reached skill level 4 in Unarmed Combat
  2306 | D:2      | Learned a level 3 spell: Spider Form
  2639 | D:3      | Found a sparkling altar of Nemelex Xobeh.
  2642 | D:3      | Found a glowing golden altar of the Shining One.
  2713 | D:3      | Noticed Sigmund
  2870 | D:3      | Reached skill level 1 in Poison Magic
  3107 | D:3      | Reached XP level 5. HP: 24/35 MP: 5/8
  3677 | D:4      | Noticed Pikel
  3677 | D:4      | Noticed a lemure
  3677 | D:4      | Noticed a lemure
  3731 | D:4      | Noticed Duvessa
  3735 | D:4      | Noticed a phantom
  3748 | D:3      | Killed a phantom
  3749 | D:3      | Reached XP level 6. HP: 28/42 MP: 4/9
  4236 | D:4      | Killed Duvessa
  4291 | D:4      | Noticed a necrophage
  4315 | D:3      | Slain by Pikel

Illustrated notes

Levels and vault maps discovered:
D:1:      dpeg_arrival_caged_fury, layout_loops_cross
D:2:      layout_rooms, basic_ecumenical_altar, minmay_tetromino_s4
D:3:      layout_rooms, nemelex_diamond_rough_becter,
          mainiacjoe_overflow_catwalk, grunt_decor_clamped, uniq_sigmund
D:4:      minmay_wonky_spiral, layout_basic, mainiacjoe_overflow_chevrons,
          general_overflow_altar, uniq_pikel, uniq_duvessa

Skill      XL: |  1  2  3  4  5  6 |
---------------+-------------------+-----
Fighting       | 2 3 |  3.7
Unarmed Combat | 4 |  4.8
Poison Magic   | 1 |  1.0
Transmutations | 3 |  3.0
Dodging        | 3 |  3.2
Spellcasting   | |  2.0

Action                   |  1- 3 |  4- 6 || total
-------------------------+-------+-------++-------
Melee: Unarmed           |    95 |   129 ||   224
       Constrict         |    27 |    25 ||    52
       Kick              |    24 |    20 ||    44
       Tentacles         |     9 |    10 ||    19
       Punch             |     3 |     1 ||     4
Throw: Stone             |     3 |    28 ||    31
 Cast: Beastly Appendage |    27 |    26 ||    53
       Animate Skeleton  |     8 |    12 ||    20
       Spider Form       |       |     7 ||     7
  Use: Scroll            |       |     2 ||     2
 Stab: Sleeping          |     3 |     4 ||     7
Armor: Skin              |    10 |     7 ||    17
Dodge: Dodged            |    50 |    91 ||   141
